Cogmind - Beta 13 @@@ ROGUE MODE // 2024.04.11 @ 00:34:01 Player: Patryk Z Result: Escaped! Performance ------------- Evolutions (9) 4500 Regions Visited (20) 4000 Robots Destroyed (119) 595 Value Destroyed (3224) 3224 Prototype IDs (42) 840 Alien Tech Used (0) 0 Bonus (4561) 4561 TOTAL SCORE: 17720 Bonus ------- High Alert Combat Kills 51 Follower Combat Kills 1159 Aligned with FarCom 300 Met Data Miner 300 Win 3000 Friendly Fire -249 Cogmind --------- Core Integrity 1600/1600 Matter 279/300 Energy 187/190 System Corruption 0% Temperature Cool (6) Movement Flying (22) Location To Epsilon Eridani Parts ------- > --- POWER (2) -------- Improved Fusion Compressor Light Quantum Reactor > --- PROPULSION (6) --- Cooled Nuclear Pulse Thruster Cooled Nuclear Pulse Thruster Cooled Nuclear Pulse Thruster Impulse Thruster Impulse Thruster Q-thruster > --- UTILITY (15) ----- Structural Scanner Enhanced Optical Array Advanced Signal Interpreter 0b10 Alert Chip Advanced Reaction Control System Improved Phase Shifter Point Defense Array Hacking Suite Improved Hacking Suite Improved Hacking Suite Advanced Hacking Suite Advanced Hacking Suite System Shield System Shield Mini Drone Bay (0/3) > --- WEAPON (2) ------- Power Maul > --- INVENTORY (5) ---- VTOL Module Improved System Restoration Module Mini Drone Bay (3/3) Mini Drone Bay (3/3) Peak State ------------ > --- POWER ------------ Improved Fusion Compressor Light Quantum Reactor > --- PROPULSION ------- Cooled Nuclear Pulse Thruster Cooled Nuclear Pulse Thruster Cooled Nuclear Pulse Thruster Impulse Thruster Impulse Thruster Q-thruster > --- UTILITY ---------- Structural Scanner Enhanced Optical Array Advanced Signal Interpreter 0b10 Alert Chip Advanced Reaction Control System Improved Phase Shifter Point Defense Array Hacking Suite Improved Hacking Suite Improved Hacking Suite Advanced Hacking Suite Advanced Hacking Suite System Shield System Shield Mini Drone Bay > --- WEAPON ----------- Power Maul > --- INVENTORY -------- VTOL Module Improved System Restoration Module Mini Drone Bay Mini Drone Bay Mini Drone Bay [Rating: 140] Favorites ----------- Power Ion Engine Engine Ion Engine Power Core Light Nuclear Core Reactor Light Quantum Reactor Propulsion Flight Unit Treads Light Treads Leg Aluminum Leg Wheel Wheel Flight Unit Flight Unit Utility Hacking Suite Device Structural Scanner Storage Huge Storage Unit Processor 0b10 Alert Chip Hackware Hacking Suite Protection Propulsion Shielding Weapon Power Sword Energy Gun Backup Laser III Energy Cannon Beam Cannon Ballistic Gun Light Assault Rifle Ballistic Cannon Slug Cannon Launcher Rocket Launcher Special Weapon Mining Laser Impact Weapon Power Maul Slashing Weapon Power Sword Build | -11 -10 -10 -10 -9 -8 -7 -7 -7 -6 -6 -6 -6 -5 -5 -4 -4 -4 -3 -2 -1 ------- Run | Yrd Mat Min Exi Min Mat Fac Was Fac Fac Low Low Dat Pro Fac Fac Was Fac Res Res Acc Slots Evolved 18 | . . . . . 4 2 . . 2 . . . . 2 2 . . 2 2 2 Power 1 | . . . . . . . . . . . . . . . . . . . . 1 Propulsion 4 | . . . . . 3 . . . . . . . . . . . . . 1 . Utility 13 | . . . . . 1 2 . . 2 . . . . 2 2 . . 2 1 1 Weapon . | . . . . . . . . . . . . . . . . . . . . . Parts Attached 189 | 6 10 16 . 3 35 15 . 15 5 3 2 . 2 41 6 . 9 7 9 5 Power 17 | 1 1 1 . . 2 1 . 2 . 1 . . . 3 1 . . . 3 1 Engine 8 | 1 . 1 . . . 1 . 2 . 1 . . . 1 1 . . . . . Core 7 | . 1 . . . 2 . . . . . . . . 2 . . . . 1 1 Reactor 2 | . . . . . . . . . . . . . . . . . . . 2 . Propulsion 59 | 2 1 8 . . 10 4 . 3 . 1 . . . 17 3 . 7 . 1 2 Treads 5 | 2 1 2 . . . . . . . . . . . . . . . . . . Leg 2 | . . 2 . . . . . . . . . . . . . . . . . . Wheel 14 | . . 4 . . 10 . . . . . . . . . . . . . . . Hover . | . . . . . . . . . . . . . . . . . . . . . Flight 38 | . . . . . . 4 . 3 . 1 . . . 17 3 . 7 . 1 2 Utility 68 | 1 6 1 . . 9 8 . 7 4 . . . 2 15 2 . 1 5 5 2 Device 25 | . 1 . . . 3 2 . 2 1 . . . . 5 1 . . 4 4 2 Storage 7 | 1 4 . . . 1 1 . . . . . . . . . . . . . . Processor 9 | . 1 1 . . 1 . . 1 . . . . 1 3 . . . . 1 . Hackware 15 | . . . . . . 1 . 2 2 . . . . 7 1 . 1 1 . . Protection 12 | . . . . . 4 4 . 2 1 . . . 1 . . . . . . . Artifact . | . . . . . . . . . . . . . . . . . . . . . Weapon 45 | 2 2 6 . 3 14 2 . 3 1 1 2 . . 6 . . 1 2 . . Energy Gun 5 | 1 . . . . 4 . . . . . . . . . . . . . . . Energy Cannon 4 | . . 1 . 2 1 . . . . . . . . . . . . . . . Ballistic Gun 6 | 1 1 2 . . 2 . . . . . . . . . . . . . . . Ballistic Cannon 4 | . 1 1 . 1 1 . . . . . . . . . . . . . . . Launcher 14 | . . . . . 3 1 . 1 . 1 2 . . 5 . . . 1 . . Special Weapon 2 | . . 2 . . . . . . . . . . . . . . . . . . Impact Weapon 3 | . . . . . . . . . . . . . . 1 . . 1 1 . . Slashing Weapon 7 | . . . . . 3 1 . 2 1 . . . . . . . . . . . Piercing Weapon . | . . . . . . . . . . . . . . . . . . . . . Special Melee Weapon . | . . . . . . . . . . . . . . . . . . . . . Unidentified Prototypes 6 | . . . . . 4 . . . . . . . . 1 . . 1 . . . Parts Lost 35 | . 1 4 . . 12 . . . . 1 . . 3 12 . . 1 1 . . Power 6 | . . 1 . . 2 . . . . 1 . . . 2 . . . . . . Propulsion 17 | . . 2 . . 8 . . . . . . . 2 4 . . 1 . . . Utility 7 | . 1 . . . . . . . . . . . 1 5 . . . . . . Weapon 5 | . . 1 . . 2 . . . . . . . . 1 . . . 1 . . Highest Loss Streak 7 | . 1 4 . . 5 . . . . 1 . . 2 7 . . 1 1 . . To Critical Strikes . | . . . . . . . . . . . . . . . . . . . . . Average Slot Usage (%) 91 | . 95 97 73 98 85 91 92 98 100 99 100 100 90 87 83 98 97 99 92 95 Engine 5 | . 6 10 14 14 2 6 7 7 6 5 6 6 6 3 2 5 5 4 2 . Core 2 | . 7 1 . . 5 . . . . . . . . 1 . . . . . 4 Treads 4 | . 28 4 . . . . . . . . . . . . . . . . . . Wheel 7 | . . 19 28 28 34 . . . . . . . . . . . . . . . Flight 15 | . . . . . . 29 30 37 33 33 33 33 24 21 19 26 23 23 23 24 Device 6 | . 8 7 . . 2 7 7 7 6 6 6 6 6 4 7 10 10 14 16 19 Storage 5 | . 14 14 14 14 9 . . . . . . . . . . . . . . . Processor 9 | . 1 6 14 14 8 7 7 7 6 6 6 6 7 14 15 15 15 14 13 12 Hackware 15 | . . . . . . 6 7 11 27 33 33 33 28 31 31 31 31 33 30 28 Protection 2 | . . . . . 5 14 15 10 5 . . . 2 . . . . . . . Ballistic Gun 5 | . 25 14 . . 4 . . . . . . . . . . . . . . . Ballistic Cannon 1 | . . 6 1 13 1 . . . . . . . . . . . . . . . Launcher 1 | . . . . . 3 7 7 . . 4 6 6 6 1 . . . . . . Slashing Weapon 4 | . . . . . 6 7 7 13 13 7 6 6 6 5 5 5 5 3 . . Naked Turns . | . . . . . . . . . . . . . . . . . . . . . Heaviest Build 101 | 14 89 96 93 99 101 94 14 14 15 13 16 13 18 19 20 22 23 26 26 36 Greatest Support 62 | 40 40 40 26 26 62 20 16 24 24 26 26 26 26 34 32 29 34 27 33 40 Greatest Overweight (x) 9 | . 2 8 3 3 9 4 . . . . . . 1 . . . 1 . . . Average Overweight (x) . | . . 3 3 3 2 . . . . . . . . . . . . . . . Largest Inventory Capacity 25 | 8 25 25 25 25 25 25 5 5 5 5 5 5 5 5 5 5 5 5 5 5 Average Capacity 12 | 6 19 25 25 25 25 5 5 5 5 5 5 5 5 5 5 5 5 5 5 5 Most Carried 25 | 2 18 20 23 25 25 24 5 5 4 5 5 5 5 5 4 4 5 5 5 5 Average Carried 10 | 1 13 18 22 23 21 4 5 4 3 4 5 5 4 4 3 3 4 4 4 4 Final Capacity 25 | 8 25 25 25 25 25 5 5 5 5 5 5 5 5 5 5 5 5 5 5 5 Final Carried 25 | 2 18 20 23 25 25 5 5 5 4 5 5 5 4 5 3 4 5 4 5 4 Class Distribution -------------------- 36% | Wizard-Scout 19% | Scavenger-Mutant 18% | Mutant 10% | Hacker-Scout 9% | Scavenger-Scout Dominant Class ---------------- Mutant | -10/Materials Scavenger-Mutant | -10/Mines Scavenger-Mutant | -10/Exiles Scavenger-Mutant | -9/Mines Scavenger-Mutant | -8/Materials Scavenger-Scout | -7/Factory Scavenger-Scout | -7/Waste Scavenger-Scout | -7/Factory Hacker-Scout | -6/Factory Hacker-Sprinter | -6/Lower Caves Hacker-Sprinter | -6/Lower Caves Hacker-Sprinter | -6/Data Miner Hacker-Sprinter | -5/Proximity Caves Wizard-Scout | -5/Factory Wizard-Scout | -4/Factory Wizard-Scout | -4/Waste Wizard-Scout | -4/Factory Wizard-Scout | -3/Research Wizard-Scout | -2/Research Wizard-Scout | -1/Access Resources | -11 -10 -10 -10 -9 -8 -7 -7 -7 -6 -6 -6 -6 -5 -5 -4 -4 -4 -3 -2 -1 ----------- Run | Yrd Mat Min Exi Min Mat Fac Was Fac Fac Low Low Dat Pro Fac Fac Was Fac Res Res Acc Matter Collected 3331 | 260 394 295 . 54 740 54 . 91 199 137 70 . 51 663 49 . 80 19 126 49 Remotely . | . . . . . . . . . . . . . . . . . . . . . Salvage Created 3815 | . 736 433 . . 610 34 . 104 172 137 79 . 61 1169 49 . 20 35 140 36 Parts 233 | . 42 23 . . 55 3 . 7 6 9 1 . 7 65 4 . 3 3 5 . Haulers Intercepted 7 | . 2 . . . 1 . . . . . . . . 3 . . . . 1 . Recyclers Shooed 9 | . 5 . . . . . . . . . . . . 4 . . . . . . Parts Field Recycled . | . . . . . . . . . . . . . . . . . . . . . Retrieved Matter . | . . . . . . . . . . . . . . . . . . . . . Parts Self-Destructed 10 | . . . . . . . . . . 4 . . 6 . . . . . . . Prevented . | . . . . . . . . . . . . . . . . . . . . . Kills | -11 -10 -10 -10 -9 -8 -7 -7 -7 -6 -6 -6 -6 -5 -5 -4 -4 -4 -3 -2 -1 ------- Run | Yrd Mat Min Exi Min Mat Fac Was Fac Fac Low Low Dat Pro Fac Fac Was Fac Res Res Acc Combat Hostiles Destroyed 53 | . 10 6 . . 17 . . 1 . 6 1 . 2 10 . . . . . . Guns 16 | . 8 6 . . 2 . . . . . . . . . . . . . . . Cannons 2 | . 2 . . . . . . . . . . . . . . . . . . . AOE 35 | . . . . . 15 . . 1 . 6 1 . 2 10 . . . . . . Classes Destroyed 15 | . 8 1 . . 3 . . 1 . . . . . 2 . . . . . . Worker 17 | . 3 2 . . 7 . . 1 . . . . . 2 . . . 2 . . Builder 16 | . 1 1 . . 5 . . 1 1 . . . . 5 2 . . . . . Tunneler 2 | . . 1 . . . . . . . . . . . 1 . . . . . . Hauler 7 | . 2 . . . 1 . . . . . . . . 3 . . . . 1 . Recycler 9 | . 3 1 . . . . . . 1 . . . . 4 . . . . . . Mechanic 2 | . . . . . 1 . . . . . . . . 1 . . . . . . Operator 6 | . 1 . . . 1 . . 2 . . . . . . . . 1 . . 1 Watcher 6 | . 3 . . . . 1 . . . . . . . 1 . . . . 1 . Swarmer 12 | . 3 . . . 6 . . . . 3 . . . . . . . . . . Grunt 24 | . 7 6 . . 9 . . . . 2 . . . . . . . . . . Duelist 2 | . . . . . 1 . . . . 1 . . . . . . . . . . Sentry 2 | . . . . . 2 . . . . . . . . . . . . . . . Specialist 1 | . . . . . . . . . . . . . . 1 . . . . . . Hunter 1 | . . . . . . . . . . . . . . 1 . . . . . . Programmer 12 | . . . . . . . . 1 . . 1 . 2 8 . . . . . . Decomposer 1 | . . . . . . . . . . 1 . . . . . . . . . . Best Kill Streak 9 | . 4 2 . . 6 1 . 2 1 3 1 . 2 9 2 . 1 1 2 1 Combat Bots Only 5 | . 3 2 . . 5 . . 1 . 3 1 . 2 4 . . . . . . Max Kills in Single Turn 3 | . 1 1 . . 3 1 . 1 1 2 1 . 1 2 1 . 1 1 1 1 Gunslinging . | . . . . . . . . . . . . . . . . . . . . . Exploded 3 | . . . . . 3 . . 1 . 2 1 . 1 2 . . . . . . Melee . | . . . . . . . . . . . . . . . . . . . . . Uniques/NPCs Destroyed . | . . . . . . . . . . . . . . . . . . . . . Combat | -11 -10 -10 -10 -9 -8 -7 -7 -7 -6 -6 -6 -6 -5 -5 -4 -4 -4 -3 -2 -1 -------- Run | Yrd Mat Min Exi Min Mat Fac Was Fac Fac Low Low Dat Pro Fac Fac Was Fac Res Res Acc Hostile Shots Fired 304 | . 39 43 . 1 93 9 . 2 8 18 4 . 18 59 . . . 10 . . Missed 114 | . 8 10 . . 26 8 . 2 4 12 1 . 13 25 . . . 5 . . Damage Taken 3809 | . 408 500 . 21 1301 6 . 65 66 105 66 . 159 757 . . 93 262 . . Core 758 | . 63 89 . . 147 . . 65 17 49 25 . 32 246 . . . 25 . . Absorbed by Shields . | . . . . . . . . . . . . . . . . . . . . . Regen/Repaired (Parts) 324 | . . . . . 180 . . . . . . . . 79 65 . . . . . Core Remaining (%) 86 | 100 . . . 39 73 . . 90 . . . . 85 75 . . 100 98 100 100 Volleys Fired 224 | . 71 46 . . 67 . . 2 . 10 3 . 4 20 . . 1 . . . Largest 2 | . 2 2 . . 2 . . 1 . 1 1 . 1 1 . . 1 . . . Hottest 128 | . 70 108 . . 128 . . 33 . 33 39 . 33 43 . . 40 . . . Shots Fired 341 | . 137 89 1 . 73 . 1 2 . 10 3 . 4 20 . . 1 . . . Gun 233 | . 130 78 . . 24 . . . . . . . . . . . 1 . . . Cannon 30 | . 7 8 1 . 14 . . . . . . . . . . . . . . . Launcher 75 | . . . . . 35 . 1 2 . 10 3 . 4 20 . . . . . . Special 3 | . . 3 . . . . . . . . . . . . . . . . . . Kinetic 236 | . 126 82 1 . 27 . . . . . . . . . . . . . . . Thermal 30 | . 11 7 . . 11 . . . . . . . . . . . 1 . . . Explosive 75 | . . . . . 35 . 1 2 . 10 3 . 4 20 . . . . . . Electromagnetic . | . . . . . . . . . . . . . . . . . . . . . Robot Hit Streak 37 | . 37 15 . . 12 . 1 3 . 1 2 . 2 5 . . . . . . Robot Miss Streak 7 | . 3 4 . . 7 . . . . 3 1 . 1 3 . . . . . . Penetration Max . | . . . . . . . . . . . . . . . . . . . . . Secondary Targets 1 | . . 1 . . . . . . . . . . . . . . . . . . Max Gunslinging Chain 1 | . . 1 . . . . . . . . . . . . . . . . . . Shots Hit Robots 281 | . 99 59 . . 48 1 1 11 8 4 3 . 2 34 3 . 1 3 2 2 Core Hits 197 | . 42 27 . . 55 1 1 5 2 11 3 . 4 41 2 . 1 1 1 . Critical Kills 1 | . 1 . . . . . . . . . . . . . . . . . . . Critical Parts Destroyed 3 | . . 1 . . 1 . . . . . . . . . . . . 1 . . Critical Strikes 7 | . 2 1 . . 2 . . . 1 . . . . . . . . 1 . . Burn 1 | . 1 . . . . . . . . . . . . . . . . . . . Destroy 3 | . 1 1 . . 1 . . . . . . . . . . . . . . . Smash 1 | . . . . . . . . . . . . . . . . . . 1 . . Sever 2 | . . . . . 1 . . . 1 . . . . . . . . . . . Melee Attacks 303 | . . . . . 39 9 . 33 21 2 4 . . 106 8 . 6 33 18 24 Impact 55 | . . . . . . . . . . . . . . 3 . . 1 9 18 24 Slashing 248 | . . . . . 39 9 . 33 21 2 4 . . 103 8 . 5 24 . . Piercing . | . . . . . . . . . . . . . . . . . . . . . Sneak Attacks 33 | . . . . . 7 . . 1 2 1 . . . 15 3 . 1 2 1 . Combat Hostiles . | . . . . . . . . . . . . . . . . . . . . . Follow-up Attacks 3 | . . . . . . . . 2 1 . . . . . . . . . . . Damage Inflicted 12297 | . 1215 642 . . 3652 40 210 462 339 685 143 . 162 3839 239 . 113 241 206 109 Guns 1973 | . 1096 548 . . 329 . . . . . . . . . . . . . . . Cannons 367 | . 118 94 . . 155 . . . . . . . . . . . . . . . Explosions 5738 | . . . . . 2425 . 210 66 . 612 58 . 162 2205 . . . . . . Melee 4218 | . . . . . 743 40 . 396 339 73 85 . . 1634 239 . 113 241 206 109 Ramming 1 | . 1 . . . . . . . . . . . . . . . . . . . Kinetic 2055 | . 1076 588 . . 391 . . . . . . . . . . . . . . . Thermal 616 | . 138 54 . . 93 . . . . . . . . 331 . . . . . . Explosive 5407 | . . . . . 2425 . 210 66 . 612 58 . 162 1874 . . . . . . Electromagnetic . | . . . . . . . . . . . . . . . . . . . . . Impact 451 | . . . . . . . . . . . . . . . . . . 136 206 109 Slashing 3767 | . . . . . 743 40 . 396 339 73 85 . . 1634 239 . 113 105 . . Piercing . | . . . . . . . . . . . . . . . . . . . . . Highest Corruption 10 | . 1 1 1 1 10 . 10 10 . . 1 1 1 4 . . . 1 . . Average Corruption 2 | . 1 1 1 1 10 . 10 10 . . 1 1 1 1 . . . 1 . . Corruption Purged 4 | . . . . . . . . . . . . . . 4 . . . . . . Corruption Blocked 2 | . . . . . . . . . . . . . . 2 . . . . . . Effects 84 | . 6 10 6 . 3 . 1 36 . . . . . 21 . . . 1 . . Message Errors 21 | . 3 2 . . 1 . . 11 . . . . . 4 . . . . . . Matter Fused 19 | . 2 2 2 . 1 . . 7 . . . . . 5 . . . . . . Heat Flow Errors 15 | . 1 1 . . 1 . . 7 . . . . . 4 . . . 1 . . Energy Discharges 7 | . . 1 1 . . . . 2 . . . . . 3 . . . . . . Parts Rejected 2 | . . 1 . . . . . . . . . . . 1 . . . . . . Data Loss (minor) 10 | . . 2 1 . . . . 4 . . . . . 3 . . . . . . Data Loss (major) 6 | . . . 1 . . . . 4 . . . . . 1 . . . . . . Misfires 2 | . . . 1 . . . 1 . . . . . . . . . . . . . Alerts 2 | . . 1 . . . . . 1 . . . . . . . . . . . . Overload Shots . | . . . . . . . . . . . . . . . . . . . . . Overflow Damage 1150 | . . 6 . . 86 . 6 113 57 69 66 . 17 506 30 . . 79 74 41 Projectiles 6 | . . 6 . . . . . . . . . . . . . . . . . . Explosions 193 | . . . . . 29 . 6 . . 10 . . 17 131 . . . . . . Melee 951 | . . . . . 57 . . 113 57 59 66 . . 375 30 . . 79 74 41 Knockbacks 7 | . 3 1 . . . . . . . . . . . . . . . 2 . 1 Impact 3 | . . . . . . . . . . . . . . . . . . 2 . 1 Kinetic 4 | . 3 1 . . . . . . . . . . . . . . . . . . Secondary . | . . . . . . . . . . . . . . . . . . . . . Self-Inflicted Damage 176 | . . . . . 94 . . . . . 22 . 60 . . . . . . . Shots 6 | . . . . . 3 . . . . . 1 . 2 . . . . . . . Rammed 1 | . 1 . . . . . . . . . . . . . . . . . . . Targets Rammed 1 | . 1 . . . . . . . . . . . . . . . . . . . Kicked . | . . . . . . . . . . . . . . . . . . . . . Crushed . | . . . . . . . . . . . . . . . . . . . . . Highest Temperature 270 | . 255 228 8 . 193 . 16 270 . 6 . . . 206 . . . 257 . . Average Temperature 66 | . 38 37 6 . 41 . 10 127 . 6 . . . 81 . . . 216 . . Received Heat Transfer 936 | . 165 321 . 12 369 . . . . 27 . . . 42 . . . . . . Effects 3 | . . 3 . . . . . . . . . . . . . . . . . . Interference 3 | . . 3 . . . . . . . . . . . . . . . . . . Siege Activations . | . . . . . . . . . . . . . . . . . . . . . Robots Corrupted . | . . . . . . . . . . . . . . . . . . . . . Combat Hostiles . | . . . . . . . . . . . . . . . . . . . . . Parts Fried 4 | . . . . . . . . . . . . . . . . . . 1 1 2 Impact Corruptions 5 | . . . . . . . . . . . . . . . . . . 2 1 2 Robots Melted . | . . . . . . . . . . . . . . . . . . . . . Combat Hostiles . | . . . . . . . . . . . . . . . . . . . . . Parts Melted . | . . . . . . . . . . . . . . . . . . . . . Heat Transferred 966 | . 481 111 . . 174 . . . . . . . . 200 . . . . . . Parts Sabotaged . | . . . . . . . . . . . . . . . . . . . . . Parts Stolen . | . . . . . . . . . . . . . . . . . . . . . Parts Stripped . | . . . . . . . . . . . . . . . . . . . . . Power Chain Reactions . | . . . . . . . . . . . . . . . . . . . . . Alert | -11 -10 -10 -10 -9 -8 -7 -7 -7 -6 -6 -6 -6 -5 -5 -4 -4 -4 -3 -2 -1 ------- Run | Yrd Mat Min Exi Min Mat Fac Was Fac Fac Low Low Dat Pro Fac Fac Was Fac Res Res Acc Peak Influence 521 | . 216 137 . 58 304 71 33 66 71 . . . . 521 138 48 451 315 157 174 Initial 141 | . . . . . 22 30 5 23 19 . . . . 79 108 48 33 141 65 93 Average 102 | . 62 50 . 3 101 31 23 16 34 . . . . 168 122 48 187 212 100 87 Maximum Alert Level 2 | . 1 . . . 1 . . . . . . . . 2 . . 2 1 . . Low Security (%) 79 | 100 91 100 . 100 70 100 100 100 100 . . . . 58 100 100 59 38 100 100 Level 1 17 | . 8 . . . 29 . . . . . . . . 33 . . 33 61 . . Level 2 2 | . . . . . . . . . . . . . . 7 . . 6 . . . Level 3 . | . . . . . . . . . . . . . . . . . . . . . Level 4 . | . . . . . . . . . . . . . . . . . . . . . Level 5 . | . . . . . . . . . . . . . . . . . . . . . High Security . | . . . . . . . . . . . . . . . . . . . . . Max Security . | . . . . . . . . . . . . . . . . . . . . . Squads Dispatched 40 | . 1 . . 1 6 . . 5 3 . . . . 15 1 . 4 2 2 . Investigation 16 | . 1 . . 1 2 . . 2 . . . . . 7 1 . 1 . 1 . Extermination 10 | . . . . . . . . 2 1 . . . . 3 . . 2 1 1 . Reinforcement 14 | . . . . . 4 . . 1 2 . . . . 5 . . 1 1 . . Assault . | . . . . . . . . . . . . . . . . . . . . . Garrison . | . . . . . . . . . . . . . . . . . . . . . Intercept . | . . . . . . . . . . . . . . . . . . . . . Searches Triggered . | . . . . . . . . . . . . . . . . . . . . . Construction Impeded 2 | . . . . . . . . . 1 . . . . 1 . . . . . . Haulers Reinforced . | . . . . . . . . . . . . . . . . . . . . . Active Scanning Responses . | . . . . . . . . . . . . . . . . . . . . . Cargo Convoy Interrupts 1 | . . . . . . . . . . . . . . 1 . . . . . . Stealth | -11 -10 -10 -10 -9 -8 -7 -7 -7 -6 -6 -6 -6 -5 -5 -4 -4 -4 -3 -2 -1 --------- Run | Yrd Mat Min Exi Min Mat Fac Was Fac Fac Low Low Dat Pro Fac Fac Was Fac Res Res Acc Distress Signals 13 | . 2 . . . 5 . . . . . . . . 2 . . 4 . . . Communications Jammed . | . . . . . . . . . . . . . . . . . . . . . Distress Signals . | . . . . . . . . . . . . . . . . . . . . . Times Spotted 154 | . 18 8 . 2 31 3 6 4 8 13 1 . 8 23 . . 15 10 1 3 Peak Tracking Total 9 | . 4 2 . 2 7 1 6 2 6 7 1 . 9 5 . . 6 5 1 1 Tactical Retreats 15 | . . . . . 2 . . . . 2 . . 3 5 . . . 3 . . Traps | -11 -10 -10 -10 -9 -8 -7 -7 -7 -6 -6 -6 -6 -5 -5 -4 -4 -4 -3 -2 -1 ------- Run | Yrd Mat Min Exi Min Mat Fac Was Fac Fac Low Low Dat Pro Fac Fac Was Fac Res Res Acc Traps Triggered 11 | . 2 . . . 1 1 . 1 . . . . . 4 1 . . 1 . . Indirectly . | . . . . . . . . . . . . . . . . . . . . . Trap Hack Attempts . | . . . . . . . . . . . . . . . . . . . . . Triggered . | . . . . . . . . . . . . . . . . . . . . . Disarmed 6 | . . . . . . . . . . . . . . . . . 6 . . . Reprogrammed 6 | . . . . . . . . . . . . . . 6 . . . . . . Reused 6 | . . . . . . . . . . . . . . 6 . . . . . . Traps Extracted . | . . . . . . . . . . . . . . . . . . . . . Installed . | . . . . . . . . . . . . . . . . . . . . . Triggered 7 | . . . . . . . . . . . . . . 7 . . . . . . Machines | -11 -10 -10 -10 -9 -8 -7 -7 -7 -6 -6 -6 -6 -5 -5 -4 -4 -4 -3 -2 -1 ---------- Run | Yrd Mat Min Exi Min Mat Fac Was Fac Fac Low Low Dat Pro Fac Fac Was Fac Res Res Acc Machines Disabled 35 | . 1 1 . . 1 . . . . . . . . 28 . . 4 . . . Max in Single Turn 15 | . 1 1 . . 1 . . . . . . . . 15 . . . . . . Garrison Access 7 | . . . . . . . . . 1 . . . . 3 1 . . 1 . 1 Machines Repaired . | . . . . . . . . . . . . . . . . . . . . . Machines Dismantled . | . . . . . . . . . . . . . . . . . . . . . Machines Sabotaged . | . . . . . . . . . . . . . . . . . . . . . Overloaded Fab Kills . | . . . . . . . . . . . . . . . . . . . . . Hacking | -11 -10 -10 -10 -9 -8 -7 -7 -7 -6 -6 -6 -6 -5 -5 -4 -4 -4 -3 -2 -1 --------- Run | Yrd Mat Min Exi Min Mat Fac Was Fac Fac Low Low Dat Pro Fac Fac Was Fac Res Res Acc Machines Accessed 90 | . 9 . 1 2 6 4 . 8 7 . . 4 1 23 4 . 6 3 6 6 Terminals 47 | . 7 . . . 5 2 . 4 6 . . . 1 8 . . 3 2 5 4 Fabricators 9 | . . . . . . . . 2 . . . . . 4 1 . 1 . 1 . Repair Stations 6 | . . . . . 1 . . . . . . . . 4 1 . . . . . Recycling Units 10 | . 2 . . . . 1 . 1 . . . . . 3 1 . 2 . . . Scanalyzers 3 | . . . . . . 1 . . . . . . . 1 . . . . . 1 Garrison Access 8 | . . . . . . . . 1 1 . . . . 3 1 . . 1 . 1 Total Hacks 265 | . 21 . 1 2 19 7 . 15 30 . . 30 2 60 10 . 22 9 23 14 Successful 185 | . 5 . 1 2 8 5 . 5 14 . . 30 2 47 10 . 19 7 18 12 Failed 80 | . 16 . . . 11 2 . 10 16 . . . . 13 . . 3 2 5 2 Catastrophic 16 | . 3 . . . 4 1 . 3 4 . . . . 1 . . . . . . Database Lockouts . | . . . . . . . . . . . . . . . . . . . . . Manual 117 | . 17 . 2 . 9 1 . 7 23 . . . 2 19 . . 13 3 16 5 Terminals 155 | . 18 . . . 15 4 . 8 28 . . . 2 29 . . 14 7 20 10 Fabricators 23 | . . . . . . . . 4 . . . . . 11 2 . 3 . 3 . Repair Stations 17 | . . . . . 4 . . . . . . . . 9 4 . . . . . Recycling Units 18 | . 3 . . . . 1 . 1 . . . . . 5 3 . 5 . . . Scanalyzers 7 | . . . . . . 2 . . . . . . . 2 . . . . . 3 Garrison Access 12 | . . . . . . . . 2 2 . . . . 4 1 . . 2 . 1 Terminal Hacks 101 | . 3 . 1 2 6 1 . . 10 . . 30 2 18 . . 9 4 11 4 Record 18 | . . . . . . . . . . . . 11 2 3 . . 1 1 . . Part Schematic 14 | . 1 . . . 1 . . . 1 . . 9 . 1 . . . . 1 . Robot Schematic 9 | . 1 . . . . . . . . . . 7 . . . . . . 1 . Robot Analysis 1 | . . . . . . . . . . . . . . . . . . 1 . . Prototype ID Bank 4 | . . . . . 1 . . . . . . 3 . . . . . . . . Open Door 3 | . . . . 2 . . . . . . . . . . . . . . . 1 Level Access Points 7 | . . . . . . . . . 1 . . . . 2 . . 1 1 1 1 Branch Access Points 2 | . . . . . . . . . 1 . . . . 1 . . . . . . Machine Index 1 | . . . . . . . . . . . . . . . . . . . . 1 Terminal Index 2 | . . . . . . . . . . . . . . . . . 1 . 1 . Fabricator Index 1 | . . . . . . . . . . . . . . . . . . . 1 . Garrison Index 1 | . . . . . . . . . . . . . . . . . . . 1 . Alert Level 1 | . 1 . . . . . . . . . . . . . . . . . . . Unreport Threat 6 | . . . . . 2 . . . . . . . . 3 . . 1 . . . Locate Traps 8 | . . . . . 1 1 . . 1 . . . . 2 . . 1 1 1 . Disarm Traps 1 | . . . . . . . . . . . . . . . . . 1 . . . Reprogram Traps 1 | . . . . . . . . . . . . . . 1 . . . . . . Recall Investigation 4 | . . . . . . . . . 1 . . . . 1 . . 1 . 1 . Recall Reinforcements 5 | . . . . . . . . . 3 . . . . 2 . . . . . . Recall Assault 1 | . . . . . . . . . 1 . . . . . . . . . . . Registered Components 1 | . . . . . . . . . 1 . . . . . . . . . . . Zone Layout 9 | . . . . . 1 . . . . . . . . 2 . . 2 . 3 1 Derelict Proto ID Bank 1 | . . . 1 . . . . . . . . . . . . . . . . . Fabricator Hacks 21 | . . . . . . . . 3 . . . . . 10 2 . 3 . 3 . Network Status 4 | . . . . . . . . . . . . . . 2 . . 1 . 1 . Load Schematic 9 | . . . . . . . . 2 . . . . . 4 1 . 1 . 1 . Build 8 | . . . . . . . . 1 . . . . . 4 1 . 1 . 1 . Repair Station Hacks 12 | . . . . . 2 . . . . . . . . 6 4 . . . . . Scan Component 6 | . . . . . 1 . . . . . . . . 3 2 . . . . . Repair 4 | . . . . . 1 . . . . . . . . 1 2 . . . . . Refit 2 | . . . . . . . . . . . . . . 2 . . . . . . Recycling Unit Hacks 16 | . 2 . . . . 1 . 1 . . . . . 5 3 . 4 . . . Process 2 | . . . . . . . . . . . . . . 1 1 . . . . . Report Inventory 7 | . 1 . . . . . . 1 . . . . . 2 1 . 2 . . . Retrieve Matter 2 | . . . . . . . . . . . . . . 1 1 . . . . . Retrieve Components 5 | . 1 . . . . 1 . . . . . . . 1 . . 2 . . . Scanalyzer 7 | . . . . . . 2 . . . . . . . 2 . . . . . 3 Insert Component 4 | . . . . . . 1 . . . . . . . 1 . . . . . 2 Analyze 3 | . . . . . . 1 . . . . . . . 1 . . . . . 1 Garrison Access Hacks 7 | . . . . . . . . . 1 . . . . 3 1 . . 1 . 1 Seal Access 7 | . . . . . . . . . 1 . . . . 3 1 . . 1 . 1 Unauthorized Hacks 21 | . . . . . . 1 . 1 3 . . . . 3 . . 3 2 4 4 Terminals 21 | . . . . . . 1 . 1 3 . . . . 3 . . 3 2 4 4 Assimilate 4 | . . . . . . 1 . 1 . . . . . 1 . . . . . 1 Botnet 17 | . . . . . . . . . 3 . . . . 2 . . 3 2 4 3 Fabricators . | . . . . . . . . . . . . . . . . . . . . . Repair Stations . | . . . . . . . . . . . . . . . . . . . . . Recycling Units . | . . . . . . . . . . . . . . . . . . . . . Scanalyzers . | . . . . . . . . . . . . . . . . . . . . . Garrison Access . | . . . . . . . . . . . . . . . . . . . . . Data Cores Recovered 3 | . 1 . . . . . . 1 . . . . . . . . . . . 1 Used . | . . . . . . . . . . . . . . . . . . . . . Hacking Detections 68 | . 8 . . . 5 3 . 6 7 . . . . 17 3 . 5 3 6 5 Full Trace Events 13 | . 1 . . . . . . 2 . . . . . 7 1 . 1 . 1 . Feedback Events . | . . . . . . . . . . . . . . . . . . . . . Feedback Blocked . | . . . . . . . . . . . . . . . . . . . . . Robot Schematics Acquired 9 | . 1 . . . . . . . . . . 7 . . . . . . 1 . Robots Built 1 | . . . . . . . . . . . . . . . . . 1 . . . Authchips . | . . . . . . . . . . . . . . . . . . . . . Time 134 | . . . . . . . . . . . . . . . . . 134 . . . Total Robot Build Rating 4 | . . . . . . . . . . . . . . . . . 4 . . . Part Schematics Acquired 16 | . 1 . . . 1 1 . . 1 . . 9 . 2 . . . . 1 . Parts Built 7 | . . . . . . . . 1 . . . . . 4 1 . . . 1 . Authchips . | . . . . . . . . . . . . . . . . . . . . . Time 579 | . . . . . . . . 99 . . . . . 340 56 . . . 84 . Total Part Build Rating 27 | . . . . . . . . 2 . . . . . 13 6 . . . 6 . Parts Repaired 4 | . . . . . 1 . . . . . . . . 1 2 . . . . . Time 154 | . . . . . 38 . . . . . . . . 50 66 . . . . . Parts Recycled . | . . . . . . . . . . . . . . . . . . . . . Recycled Matter 64 | . . . . . . . . . . . . . . 41 23 . . . . . Retrieved Matter 64 | . . . . . . . . . . . . . . 41 23 . . . . . Retrieved Components 24 | . 10 . . . . 1 . . . . . . . 10 . . 3 . . . Parts Scanalyzed 3 | . . . . . . 1 . . . . . . . 1 . . . . . 1 Part Schematics Acquired 2 | . . . . . . 1 . . . . . . . 1 . . . . . . Parts Damaged . | . . . . . . . . . . . . . . . . . . . . . Bothacking | -11 -10 -10 -10 -9 -8 -7 -7 -7 -6 -6 -6 -6 -5 -5 -4 -4 -4 -3 -2 -1 ------------ Run | Yrd Mat Min Exi Min Mat Fac Was Fac Fac Low Low Dat Pro Fac Fac Was Fac Res Res Acc Used RIF Installer . | . . . . . . . . . . . . . . . . . . . . . Robots Hacked . | . . . . . . . . . . . . . . . . . . . . . Non-combat . | . . . . . . . . . . . . . . . . . . . . . Combat . | . . . . . . . . . . . . . . . . . . . . . Robot Hacks Applied . | . . . . . . . . . . . . . . . . . . . . . Relay Couplers Released . | . . . . . . . . . . . . . . . . . . . . . Fabnet Peak Effective % . | . . . . . . . . . . . . . . . . . . . . . Robots Rewired . | . . . . . . . . . . . . . . . . . . . . . Allies Hacked 5 | . . . . . . . . . . . . . . . . . 5 . . . Hacks Repelled . | . . . . . . . . . . . . . . . . . . . . . Allies | -11 -10 -10 -10 -9 -8 -7 -7 -7 -6 -6 -6 -6 -5 -5 -4 -4 -4 -3 -2 -1 -------- Run | Yrd Mat Min Exi Min Mat Fac Was Fac Fac Low Low Dat Pro Fac Fac Was Fac Res Res Acc Total Allies 26 | . . 3 . . . 1 . 1 . . . . . . . 20 1 . . . Largest Group 20 | . . 3 3 3 3 1 . 1 1 . . . . . . 20 20 . . . Highest-Rated Group 783 | . . 40 40 40 40 26 . 10 10 . . . . . . 783 783 . . . Highest-Rated Ally 50 | . . 16 16 16 16 26 . 10 10 . . . . . . 50 50 . . . Total Orders 23 | . . 1 . . 2 5 . . 1 . . . . . . . 4 7 . 3 STAY 4 | . . . . . . 3 . . 1 . . . . . . . . . . . FOLLOW 3 | . . . . . . 2 . . . . . . . . . . 1 . . . GUARD 3 | . . . . . . . . . . . . . . . . . 3 . . . AID 1 | . . 1 . . . . . . . . . . . . . . . . . . EXPLORE 9 | . . . . . 2 . . . . . . . . . . . . 4 . 3 RETURN 3 | . . . . . . . . . . . . . . . . . . 3 . . Ally Attacks 236 | . . 8 . 9 24 . . . . . . . . . . . 195 . . . Total Damage 6014 | . . 89 . 109 254 . . . . . . . . . . . 5562 . . . Kills 39 | . . 2 . 2 3 . . . . . . . . . . . 32 . . . Allies Corrupted . | . . . . . . . . . . . . . . . . . . . . . Allies Melted 2 | . . . . . 1 . . . . . . . . . . . 1 . . . Intel | -11 -10 -10 -10 -9 -8 -7 -7 -7 -6 -6 -6 -6 -5 -5 -4 -4 -4 -3 -2 -1 ------- Run | Yrd Mat Min Exi Min Mat Fac Was Fac Fac Low Low Dat Pro Fac Fac Was Fac Res Res Acc Robot Analysis Total 1 | . . . . . . . . . . . . . . . . . . 1 . . Derelict Logs Recovered 6 | . . 1 . 1 . . . . . 2 . . 2 . . . . . . . Drone Launches 28 | . . . . . 16 . . . . . . . . . . . . 5 . 7 Drone Recoveries 4 | . . . . . . . . . . . . . . . . . . 3 . 1 Decoded 0b10 Intel 47 | . . . . . . . . . . . . . . 47 . . . . . . Items 47 | . . . . . . . . . . . . . . 47 . . . . . . Exploration | -11 -10 -10 -10 -9 -8 -7 -7 -7 -6 -6 -6 -6 -5 -5 -4 -4 -4 -3 -2 -1 ------------- Run | Yrd Mat Min Exi Min Mat Fac Was Fac Fac Low Low Dat Pro Fac Fac Was Fac Res Res Acc Turns Passed 15011 | 67 1967 1593 801 186 1467 564 56 1105 466 160 121 21 92 3774 191 199 903 421 266 591 Spaces Moved 14320 | 37 713 836 589 128 709 610 174 1026 844 440 331 78 253 4198 186 277 669 723 553 946 Core 2 | 2 . . . . . . . . . . . . . . . . . . . . Treads 801 | 35 713 53 . . . . . . . . . . . . . . . . . . Legs 46 | . . 46 . . . . . . . . . . . . . . . . . . Wheels 2169 | . . 737 589 128 709 6 . . . . . . . . . . . . . . Hover . | . . . . . . . . . . . . . . . . . . . . . Flight 11302 | . . . . . . 604 174 1026 844 440 331 78 253 4198 186 277 669 723 553 946 Fastest Speed 20 | 50 160 135 135 135 100 31 31 27 27 27 27 27 27 21 22 26 24 24 20 20 Average Speed 55 | 154 218 164 135 135 116 32 31 27 27 27 27 27 30 30 27 26 27 24 22 21 Slowest Speed 680 | 160 320 680 135 135 215 140 31 31 27 29 27 27 110 37 29 26 103 24 24 22 Overloaded Moves 26 | . . . . . . . . . . . . . . 24 2 . . . . . Propulsion Burnouts . | . . . . . . . . . . . . . . . . . . . . . Robots Hopped 34 | . . . . . . . . 7 4 . . . . 9 3 1 . . 5 5 Cave-ins Triggered 1 | . . . . . 1 . . . . . . . . . . . . . . . Exploration Rate (%) 48 | 4 96 99 93 23 75 19 90 26 20 66 57 69 50 72 4 89 14 21 18 22 Regions Visited 20 Branch Regions 7 Pre-discovered Areas 2 | . . 1 . . . . . . . . . 1 . . . . . . . . Known Exits Taken 9 | . . 1 1 1 . . . . 1 . . . 1 1 . . 1 1 1 . Unknown Exits Taken 7 | 1 1 . . . 1 . . 1 . 1 1 1 . . . . . . . . Scrap Searched 17 | . . 1 . 1 . . . . . 11 4 . . . . . . . . . Spaces Dug 283 | . . 2 . . 97 6 . 18 9 1 3 . . 80 5 . 4 22 16 20 Terrain Destroyed 765 | . . 6 1 . 248 6 4 25 9 99 37 . 22 241 5 . 4 22 16 20 Melee 207 | . . . . . 23 6 . 18 9 1 3 . . 80 5 . 4 22 16 20 Projectile 15 | . . 6 1 . 8 . . . . . . . . . . . . . . . AOE 543 | . . . . . 217 . 4 7 . 98 34 . 22 161 . . . . . . Terrain Rammed . | . . . . . . . . . . . . . . . . . . . . . Walls Destroyed . | . . . . . . . . . . . . . . . . . . . . . Machines Disabled . | . . . . . . . . . . . . . . . . . . . . . Actions | -11 -10 -10 -10 -9 -8 -7 -7 -7 -6 -6 -6 -6 -5 -5 -4 -4 -4 -3 -2 -1 --------- Run | Yrd Mat Min Exi Min Mat Fac Was Fac Fac Low Low Dat Pro Fac Fac Was Fac Res Res Acc Total 20563 | 44 994 966 596 141 1218 973 175 1800 1049 467 352 77 263 6504 308 402 1383 919 655 1277 Wait 5331 | . 173 59 . 8 332 312 2 716 184 6 10 . 3 2101 111 126 681 135 67 305 Move 14234 | 36 712 835 588 127 708 610 173 1012 835 439 330 77 252 4179 180 274 667 722 543 935 Hop 32 | . . . . . . . . 6 4 . . . . 9 3 1 . . 4 5 Pick Up 87 | 2 20 3 1 2 14 6 . 4 . 4 1 . 1 12 . 1 6 4 6 . Fast Attach 88 | 6 3 6 . 1 11 2 . 10 3 1 1 . . 27 4 . 7 . 3 3 Attach 64 | . 1 3 . 2 12 13 . 3 2 1 . . 2 12 2 . 2 3 4 2 Detach 28 | . 1 4 2 1 7 . . 3 1 . . . . 7 . . . . 1 1 Swap 37 | . 6 7 . . 12 . . 2 . 1 1 . . 2 . . . 4 2 . Drop 114 | . 6 3 . . 16 21 . 13 2 3 2 . 1 23 . . 12 3 7 2 Fire 224 | . 71 46 . . 67 . . 2 . 10 3 . 4 20 . . 1 . . . Melee 290 | . . . . . 39 9 . 29 18 2 4 . . 104 8 . 5 30 18 24 Ram . | . . . . . . . . . . . . . . . . . . . . . Kick . | . . . . . . . . . . . . . . . . . . . . . Crush 1 | . 1 . . . . . . . . . . . . . . . . . . . Escape Stasis 27 | . . . . . . . . . . . . . . 8 . . 1 18 . . Rewire 6 | . . . 5 . . . . . . . . . . . . . 1 . . . Trap . | . . . . . . . . . . . . . . . . . . . . . Miscellaneous . | . . . . . . . . . . . . . . . . . . . . . Route ------- -11/Scrapyard -10/Materials (discovered 5 exits: *Mat x3 / [*Min x2]) -10/Mines (discovered 4 exits: *Mat x2 / *Exi / *Sub) -10/Exiles (discovered 2 exits: *Min x2) -9/Mines -8/Materials (discovered 2 exits: *Fac / [*Sto]) -7/Factory -7/Waste -7/Factory -6/Factory (discovered 8 exits: Fac x4 / *Low x2 / Ext x2) -6/Lower Caves -6/Lower Caves -6/Data Miner -5/Proximity Caves -5/Factory (discovered 6 exits: *Fac x4 / *Upp x2) -4/Factory -4/Waste -4/Factory (discovered 6 exits: *Res x4 / *Upp x2) -3/Research (discovered 3 exits: *Res x3) -2/Research (discovered 3 exits: *Acc x3) -1/Access To Epsilon Eridani History --------- Turn | Location | Event 18 | -11/Scrapyard | Discovered new exit (range 15) 68 | -11/Scrapyard | Entered Materials 285 | -10/Materials | Discovered new exit (range 3) 317 | -10/Materials | Build established: Mutant 597 | -10/Materials | Discovered new exit (range 9) 1009 | -10/Materials | Discovered new exit (range 10) 1287 | -10/Materials | Discovered new exit (range 16) 1843 | -10/Materials | Discovered new exit (range 14) 2035 | -10/Materials | Entered Mines 2154 | -10/Mines | Discovered new exit (range 8) 2285 | -10/Mines | Lost 4 parts (1p2n1w) 2368 | -10/Mines | Assisted by bots powering up and referring to "LRC-V3" 2429 | -10/Mines | Discovered new exit (range 13) 2620 | -10/Mines | Build established: Scavenger-Mutant 2852 | -10/Mines | A weapon hastily lodged in a ceiling crevice suddenly fell to the ground 2871 | -10/Mines | Deemed a non-threat by the Exiles lab entrance 2871 | -10/Mines | Discovered new exit (range 5) 2877 | -10/Mines | Identified exit to Exiles 2904 | -10/Mines | Core integrity fell below 50% 2944 | -10/Mines | Discovered new exit (range 8) 2952 | -10/Mines | Identified exit to Materials 3155 | -10/Mines | Learned Materials emergency access door positions 3263 | -10/Mines | Learned location of Storage (-8) 3507 | -10/Mines | Identified exit to Subcaves 3628 | -10/Mines | Entered Exiles 3628 | -10/Exiles | Accompanied by 3 allies 3649 | -10/Exiles | Discovered new exit (range 14) 3665 | -10/Exiles | Identified exit to Mines 3696 | -10/Exiles | Met 8R-AWN 3716 | -10/Exiles | Met EX-HEX 3760 | -10/Exiles | Met EX-BIN 3778 | -10/Exiles | Aligned with FarCom system 3779 | -10/Exiles | Given EX-Vault access code 3875 | -10/Exiles | Met EX-DEC 3900 | -10/Exiles | Visited The Gauntlet 4131 | -10/Exiles | Discovered exit to Mines (range 12) 4288 | -10/Exiles | Opened EX-Vault 4300 | -10/Exiles | Found 0b10 Alert Chip 4328 | -10/Exiles | Warned to stay clear of 0b10 Research branches 4429 | -10/Exiles | Left Exiles lab with 0b10 Alert Chip 4429 | -10/Exiles | Entered Mines 4429 | -9/Mines | Accompanied by 3 allies 4436 | -9/Mines | Received a Rocket Launcher from a helpful Derelict 4486 | -9/Mines | Found the Drone Emporium 4494 | -9/Mines | Found Prototype Device 4581 | -9/Mines | Discovered new exit (range 7) 4593 | -9/Mines | Learned Materials stockpile data 4594 | -9/Mines | Identified exit to Materials 4599 | -9/Mines | Met a Derelict shopkeep closing up shop 4615 | -9/Mines | Entered Materials 4615 | -8/Materials | Accompanied by 3 allies 4615 | -8/Materials | Evolved 4 slots: Propulsion x3, Utility x1 4618 | -8/Materials | Identified Decoy Drone Bay 4640 | -8/Materials | Discovered new exit (range 29) 4657 | -8/Materials | Discovered new exit (range 85) 4971 | -8/Materials | Build established: Scavenger-Skirmisher 5273 | -8/Materials | Lost 4 parts (4n) 5534 | -8/Materials | Build established: Mutant 5577 | -8/Materials | Repaired Hrd. Medium Armor Plating 5915 | -8/Materials | Build established: Scavenger-Mutant 5976 | -8/Materials | Crushed by falling debris 5976 | -8/Materials | System corruption reached 10% 6021 | -8/Materials | Lost 5 parts (1p3n1w) 6082 | -8/Materials | Entered Factory 6082 | -7/Factory | Evolved 2 slots: Utility x2 6378 | -7/Factory | Build established: Scavenger-Scout 6646 | -7/Factory | Sucked down chute 6646 | -7/Factory | Entered Waste 6652 | -7/Waste | Spotted C-40 Crusher 6655 | -7/Waste | Spotted C-40 Crusher 6658 | -7/Waste | Spotted C-40 Crusher 6660 | -7/Waste | Spotted C-40 Crusher 6661 | -7/Waste | EMP discharged 6661 | -7/Waste | System corruption reached 10% 6664 | -7/Waste | Spotted C-40 Crusher 6665 | -7/Waste | Spotted C-40 Crusher 6699 | -7/Waste | Discovered new exit (range 11) 6702 | -7/Waste | Entered Factory 7081 | -7/Factory | Fabricated Imp. Flight Unit? 7728 | -7/Factory | Discovered new exit (range 12) 7776 | -7/Factory | Build established: Hacker-Scout 7807 | -7/Factory | Entered another Factory area 7807 | -6/Factory | Accompanied by 1 ally 7807 | -6/Factory | Evolved 2 slots: Utility x2 8261 | -6/Factory | Identified exit to Factory 8261 | -6/Factory | Identified exit to Lower Caves 8261 | -6/Factory | Identified exit to Extension 8273 | -6/Factory | Entered Lower Caves 8324 | -6/Lower Caves | Learned Factory stockpile data 8325 | -6/Lower Caves | Learned Factory emergency access door positions 8413 | -6/Lower Caves | Discovered new exit (range 9) 8433 | -6/Lower Caves | Entered another Lower Caves area 8507 | -6/Lower Caves | Encountered a Warlord checkpoint 8548 | -6/Lower Caves | Discovered new exit (range 8) 8554 | -6/Lower Caves | Entered Data Miner 8554 | -6/Data Miner | Discovered new exit (range 6) 8560 | -6/Data Miner | Met Data Miner 8565 | -6/Data Miner | Learned location of Section 7 (-2) 8565 | -6/Data Miner | Acquired the access code to Warlord's prototype stash 8569 | -6/Data Miner | Received God Mode back door access code from Data Miner 8574 | -6/Data Miner | Build established: Hacker-Sprinter 8575 | -6/Data Miner | Entered Proximity Caves 8593 | -5/Proximity Caves | Learned 4 Factory zone layouts 8616 | -5/Proximity Caves | Spotted B-75 Beast 8667 | -5/Proximity Caves | Entered Factory 8667 | -5/Factory | Evolved 2 slots: Utility x2 8668 | -5/Factory | Identified exit to Factory 8866 | -5/Factory | Fabricated Hacking Suite? 8970 | -5/Factory | Build established: Hacker-Scout 9391 | -5/Factory | Cargo convoy interrupted 9548 | -5/Factory | Fabricated Imp. Flight Unit? 9735 | -5/Factory | Build established: Wizard-Scout 9809 | -5/Factory | Repaired Lrn. Missile Launcher? 10179 | -5/Factory | Discovered exit to Factory (range 21) 10564 | -5/Factory | Fabricated Imp. Flight Unit? 10750 | -5/Factory | Fabricated Cld. Nuclear Pulse Thruster? 10827 | -5/Factory | Identified exit to Upper Caves 11588 | -5/Factory | Lost 7 parts (1p2n4u) 12441 | -5/Factory | Entered another Factory area 12441 | -4/Factory | Evolved 2 slots: Utility x2 12471 | -4/Factory | Repaired Xenon Bombardment Thruster 12516 | -4/Factory | Repaired Cld. Nuclear Pulse Thruster 12592 | -4/Factory | Fabricated Cld. Nuclear Pulse Thruster (x1) 12632 | -4/Factory | Sucked down chute 12632 | -4/Factory | Entered Waste 12633 | -4/Waste | Joined by Warlord forces that had cleared the area 12658 | -4/Waste | Discovered new exit (range 13) 12661 | -4/Waste | Identified exit to Factory 12831 | -4/Waste | Entered Factory 12831 | -4/Factory | Accompanied by 20 allies 13201 | -4/Factory | Lost 3 allies 13306 | -4/Factory | Discovered new exit (range 7) 13308 | -4/Factory | Identified exit to Upper Caves 13313 | -4/Factory | Identified exit to Research 13479 | -4/Factory | Fabricated I-36 Angel (x1) 13493 | -4/Factory | Discovered exit to Upper Caves (range 9) 13510 | -4/Factory | Spotted B-86 Titan 13623 | -4/Factory | P-70 Sage assimilated allied LJ-YRF(s) 13629 | -4/Factory | P-70 Sage assimilated allied 8K-U8Z(b) 13639 | -4/Factory | P-70 Sage assimilated allied 68-9E5(g) 13734 | -4/Factory | Entered Research 13734 | -3/Research | Evolved 2 slots: Utility x2 13754 | -3/Research | Lost 8 allies 13977 | -3/Research | Identified exit to Research 14155 | -3/Research | Entered another Research area 14155 | -2/Research | Evolved 2 slots: Propulsion x1, Utility x1 14201 | -2/Research | Identified exit to Access 14316 | -2/Research | Fabricated Cld. Nuclear Pulse Thruster (x1) 14421 | -2/Research | Entered Access 14421 | -1/Access | Evolved 2 slots: Power x1, Utility x1 14497 | -1/Access | Identified exit to Surface 15012 | *** | Escaped! Last Messages --------------- 14790_ Acquired data core, extracted dynamic key. 14790_ Acquired 36 matter. 14841_ Mini Drone released from Mni. Drone Bay. 14847_ Mini Drone destroyed. 14853_ Mini Drone retrieved by Mni. Drone Bay. 14868_ Mini Drone released from Mni. Drone Bay. 14871_ Mini Drone destroyed. 14893_ U-05 Engineer builds a Wall. 15000_ Acquired 12 matter. 15000_ U-05 Engineer builds a Wall. 15001_ Dropped Mni. Drone Bay. 15003_ Mini Drone released from Mni. Drone Bay. 15009_ Acquired 1 matter. 15010_ Connecting with Terminal... >>Open(Door) Sealed Barrier opened. 15010_ The Access Shell folds into the floor. [Achievement: Just Browsing] [Achievement: Epsilon Run] [Achievement: Achiever] Map ----- +----------------------------------------------------+ | ?????????????????????????????????############ + w | | ?????????????????????????????????############ # | | ?????????????????????????????????## # # | | ?????????????????????????????????## ] # # | | ?????????????????????????????????## " # # | | ?????????????????????????????????## """ # #* | | ?????????????????????????????????## """ # # | | ?????????????????????????????????## " + # | | ?????????????????????????????????## # ##+ | | ???????????######################## * # ## | | ???????# / ################################# ## | | H n knk RR ## | | k ! u ## | | ???##### [######### ""############/#####+ | | ???????#?????????#### ""####### | | ???????????????????## ""##??### | | ???????????????????## T##???## | | ???????????????????## ""##???## | | ??????????????????### ""###??## | | ??????????????????### ""###??## | | ??????????????????## ##??## | | ??????????????????### ###??## | | ??????????????????### ###??## | | ???????????????????## ##???## | | ???????????????????## ##???## | | ???????????????????## @" ##???## | | ???????????????????## "" ##???##/########### | | ???????????????????## ##???## ########### | | ???????????????????## ##???## ##????????? | | ???????????????????## ##???## ##?????#### | | ???????????????????##""""""""""##???## ########### | | ???????????????????##"????????"##???## ######### | | ????????????????????????????????????## | | ????????????????????????????????????## | | ????????????????????????????????????## | | ??????????????????????BB????BB??????## | | ??????????????????????BB????BB??????## | | ????????????????????????????????????## ######### | | ????????????????????????????????????## ########### | | ????????????????????????????????????## ##?????#### | | ????????????????????????????????????## ##????????? | | ????????????????????????????##########+###???????? | | ????????????????????????????# % #???????? | | ????????????????????????????# #???????? | | ????????????????????????????+ "" #???????? | | ????????????????????????????# "" #???????? | | ????????????????????????????# """" #???????? | | ????????????????????????????# """" #???????? | | ????????????????????????????# """" #???????? | | ????????????????????????????# """" #???????? | +----------------------------------------------------+ Best States ------------- Heat Dissipation 52 Energy Generation 25 Energy Capacity 300 Matter Stores 300 Matter Capacity 300 Sight Range 22 Terrain Scan Density 10 Jamming Range 14 Armor Coverage 300 Propulsion Shielding 33 Phase Shifting 10 Evasion (%) 87 Targeting Accuracy 5 Recoil Reduction 2 Offensive Hacking 62 Defensive Hacking 20 Item Schematics ----------------- Flight Unit | -10/Materials | Hacked Imp. Flight Unit | -8/Materials | Hacked Structural Scanner | -7/Factory | Scanalyzed Hacking Suite | -6/Factory | Hacked Combat Drone Bay | -6/Data Miner | Free Lgt. Regenerative Plating | -6/Data Miner | Free Cld. Nuclear Pulse Thruster | -6/Data Miner | Free Prc. Energy Filter | -6/Data Miner | Free Kinetic Spear | -6/Data Miner | Free Field Propulsion Array | -6/Data Miner | Free Lrn. Terrain Scanner | -6/Data Miner | Free Phase Gun | -6/Data Miner | Free Imp. System Guard | -6/Data Miner | Free Lrn. Missile Launcher | -5/Factory | Scanalyzed Cloaking Device | -5/Factory | Hacked Power Maul | -2/Research | Hacked Robot Schematics ------------------ S-10 Pest | -10/Materials | Hacked I-36 Angel | -6/Data Miner | Free B-60 Warrior | -6/Data Miner | Free Y-54 Guardian | -6/Data Miner | Free C-35 Carver | -6/Data Miner | Free A-15 Conveyor | -6/Data Miner | Free L-61 Swordsman | -6/Data Miner | Free H-66 Slayer | -6/Data Miner | Free M-28 Smith | -2/Research | Hacked Fabricated ------------ Imp. Flight Unit | x1 | -7/Factory Hacking Suite | x1 | -5/Factory Imp. Flight Unit | x1 | -5/Factory Imp. Flight Unit | x1 | -5/Factory Cld. Nuclear Pulse Thruster | x1 | -5/Factory Cld. Nuclear Pulse Thruster | x1 | -4/Factory I-36 Angel | x1 | -4/Factory Cld. Nuclear Pulse Thruster | x1 | -2/Research Alien Tech Used ----------------- None Achievements -------------- Achiever Below Deadly Force Dodgeball, But With Guns Epsilon Run It Was An Accident, I Swear Just Browsing Maybe Next Time I'll Detach My Launcher Quantum Hacking We Are Legion root@ Challenges ------------ None Game ------ Seed NodeBombCore Manual? 0 Play Time 06:31:35 Cumulative 35.5 hours Start 2024.04.10 @ 15:27:33 End 2024.04.11 @ 00:34:01 Sessions 1 Manual Loads 0 Difficulty Rogue Special Mode None Game No. 21 Rogue 21 Adventurer 0 Explorer 0 Win Type 0 Total 1 Types 1/0/0/0/0/0/0/0/0 Lore% 22 Gallery% 26 Achievement% 28 Wizard Run 0 Options --------- Layout 0 ASCII 0 Keyboard 0 Movement Numpad Keybinds 0 Fullscreen 2 Font 18/SmallcapsGlow Map View 76x50 Zoom Use 0% Tactical HUD 1 Map Filters NONE Filters NONE Steam 1 RUN: 21420972-6fe8-4af8-9e84-52c6b32c7336